 Dungeon Crawl Stone Soup version 0.23.2-1-ga50397a6bc (webtiles) character file.

Game seed: 4219266189607591691

1827 Ethylacetat the Reanimator (level 8, -11/52 HPs)
             Began as a Mummy Necromancer on May 11, 2019.
             Was a Follower of Vehumet.
             Mangled by an ogre
             ... wielding a +0 giant spiked club
              (21 damage)
             ... on level 7 of the Dungeon.
             The game lasted 00:25:21 (8560 turns).

Ethylacetat the Reanimator (Mummy Necromancer)      Turns: 8560, Time: 00:25:21

Health: -11/52     AC:  5    Str: 11    XL:     8   Next: 86%
Magic:  3/20       EV: 11    Int: 17    God:    Vehumet [*.....]
Gold:   250        SH:  0    Dex: 12    Spells: 18/23 levels left

rFire    + . .     SeeInvis .   g - +2 hand axe (elec)
rCold    . . .     Gourm    .   (no shield)
rNeg     + + +     Faith    .   i - +2 leather armour {rF+}
rPois    ∞         Spirit   .   (no helmet)
rElec    .         Reflect  .   (no cloak)
rCorr    .         Harm     .   (no gloves)
MR       +....                  (no boots)
Stlth    +.........             (no amulet)
HPRegen  0.17/turn              c - ring of fire
MPRegen  0.17/turn              (no ring)

@: no status effects
A: no food or potions, fire vulnerability, cold resistance 1, negative energy
resistance 3, torment resistance, unbreathing
a: Renounce Religion


You were on level 7 of the Dungeon.
You worshipped Vehumet.
Vehumet was aware of your devotion.
You were not hungry.

You visited 2 branches of the dungeon, and saw 8 of its levels.

You collected 250 gold pieces.

Inventory:

Hand Weapons
 e - a +2 dagger of protection
 g - a +2 hand axe of electrocution (weapon)
 k - a +4 falchion of pain
Missiles
 d - 87 stones (quivered)
Armour
 a - a +1 robe
 i - a +2 leather armour of fire resistance (worn)
Jewellery
 c - a ring of fire (left hand)
Wands
 l - a wand of flame (27)
Scrolls
 b - a scroll of teleportation
 h - 7 scrolls of identify
 j - a scroll of fear
 n - 2 scrolls of enchant armour


   Skills:
 - Level 1.5 Dodging
 - Level 1.5 Stealth
 + Level 8.4 Spellcasting
 * Level 10.2 Necromancy


You had 18 spell levels left.
You knew the following spells:

 Your Spells              Type           Power        Failure   Level  Hunger
a - Pain                  Necr           ####         1%          1    N/A
b - Vampiric Draining     Necr           #####.....   1%          3    N/A
c - Sandblast             Erth           #.....       13%         1    N/A

Your spell library contained the following spells:

 Spells                   Type           Power        Failure   Level  Hunger
 Animate Skeleton         Necr           N/A          1%          1    N/A
 Animate Dead             Necr           N/A          1%          4    N/A
 Regeneration             Chrm/Necr      Unusable     N/A         3    N/A

Dungeon Overview and Level Annotations

Branches:
Dungeon (7/15)             Temple (1/1) D:4

Altars:
Dithmenos
Elyvilon
Fedhas
Gozag
Kikubaaqudgha
Okawaru
Qazlal
Ru
Uskayaw
Vehumet
Wu Jian
Yredelemnul
Zin

Shops:
D:6 !*?

Annotations:
D:5 1 runed translucent door, Bnni's ghost, novice BaSu
D:7 Menkaure


Innate Abilities, Weirdness & Mutations

You do not eat or drink.
Your flesh is vulnerable to fire.
You are immune to poison.
Your flesh is cold resistant. (rC+)
You are immune to negative energy. (rN+++)
You are immune to unholy pain and torment.
You can survive without breathing.


Message History

Vehumet accepts your kill.
Casting: Vampiric Draining (safe; 1% risk of failure)
Confirm with . or Enter, or press ? or * to list all spells.
Aiming: Vampiric Draining (safe; 1% risk of failure)
Press: ? - help, Shift-Dir - straight line, f - ogre
Aim: an ogre, wielding a +0 giant spiked club The ogre is moderately wounded.
You feel life coursing into your body.
The ogre hits you with a +0 giant spiked club!!
Ouch! That really hurt!
* * * LOW HITPOINT WARNING * * *
Casting: Vampiric Draining (safe; 1% risk of failure)
Confirm with . or Enter, or press ? or * to list all spells.
Aiming: Vampiric Draining (safe; 1% risk of failure)
Press: ? - help, Shift-Dir - straight line, f/p - ogre
Aim: an ogre, wielding a +0 giant spiked club (moderately wounded)
The ogre is severely wounded.
You feel life coursing into your body.
The ogre hits you with a +0 giant spiked club!!
You die...

## #.........# ... .#
####...#### #.. >.# .#
#...# #.. #.#
.######..(#####.# #.#
...............# ###.##
#.............## ##.#...
..........†...M###.##..###
#######...#####O#.#......#
#...# ##@##.#.<# #.....#
#.##<#..# ##...##
#.##....# #...# #.##...##
##.## #......# ..#
####......# ..# ##.....#
#.. #####... ###


You could see an ogre and Menkaure.

Vanquished Creatures
  Eustachio (D:5)
  An orc warrior (D:7)
  2 black bears (D:6)
  A phantom (D:5)
  An ice beast (D:3)
  2 centaurs (D:5)
  2 scorpions (D:4)
  2 wights (D:7)
  A howler monkey (D:6)
  A centaur zombie (D:5)
  2 crimson imps
  3 hounds (D:4)
  3 jellies
  An orc priest (D:4)
  5 orc wizards
  2 iguanas
  5 worker ants
  A worker ant zombie (D:5)
  5 adders
  3 gnolls (D:4)
  3 shadow imps
  An ooze (D:2)
  3 worms
  A dart slug (D:3)
  3 leopard geckos
  23 orcs
  A ball python (D:3)
  7 giant cockroaches
  10 goblins
  6 hobgoblins
  2 jackals (D:6)
  2 quokkas
  6 bats
  4 frilled lizards
  7 kobolds
  A leopard gecko zombie (D:5)
  4 rats
128 creatures vanquished.

Notes
Turn   | Place    | Note
-------+----------+-------------------------------------------
     0 | D:1      | Ethylacetat the Mummy Necromancer began the quest for the
                  | Orb.
     0 | D:1      | Reached XP level 1. HP: 13/13 MP: 4/4
   345 | D:1      | Reached XP level 2. HP: 19/19 MP: 1/6
  1079 | D:2      | Found a blossoming altar of Fedhas.
  1185 | D:2      | Reached XP level 3. HP: 24/24 MP: 5/7
  1215 | D:2      | Learned a level 3 spell: Vampiric Draining
  2007 | D:2      | Reached skill level 5 in Necromancy
  2175 | D:3      | Reached XP level 4. HP: 30/30 MP: 6/9
  2250 | D:3      | Noticed an ice beast
  2306 | D:3      | HP: 1/30 [orc/+0 mace (9)]
  2964 | D:3      | Killed an ice beast
  2964 | D:3      | Reached skill level 6 in Necromancy
  2964 | D:3      | Reached XP level 5. HP: 20/35 MP: 0/11
  3746 | D:4      | Reached XP level 6. HP: 35/41 MP: 9/13
  3753 | D:4      | Reached skill level 5 in Spellcasting
  4046 | D:4      | Found a staircase to the Ecumenical Temple.
  4052 | Temple   | Entered the Ecumenical Temple
  4071 | Temple   | Became a worshipper of Vehumet
  4152 | D:4      | Reached skill level 7 in Necromancy
  4563 | D:5      | Entered Level 5 of the Dungeon
  4565 | D:5      | Noticed Eustachio
  4579 | D:5      | Killed Eustachio
  4579 | D:5      | Reached XP level 7. HP: 45/46 MP: 2/16
  5325 | D:5      | Reached skill level 8 in Necromancy
  6438 | D:5      | Found a runed translucent door.
  6438 | D:5      | Noticed Bnni's ghost (novice BaSu)
  6532 | D:5      | Reached XP level 8. HP: 31/52 MP: 3/18
  6960 | D:5      | Reached skill level 9 in Necromancy
  7270 | D:6      | Found Qayz's Magic Scroll Boutique.
  7535 | D:6      | Found Puriuwi's General Store.
  7637 | D:6      | Reached * piety under Vehumet
  7637 | D:6      | Offered knowledge of Sandblast by Vehumet.
  7644 | D:6      | Learned a level 1 spell: Sandblast
  7645 | D:6      | Found Mounloha's Distillery.
  8522 | D:7      | Noticed Menkaure
  8551 | D:7      | Reached skill level 10 in Necromancy
  8560 | D:7      | Mangled by an ogre

Skill      XL: |  1  2  3  4  5  6  7  8 |
---------------+-------------------------+-----
Spellcasting   | 3 4 6 7 8 |  8.4
Necromancy     | 5 6 7 8 10 | 10.2
Dodging        | |  1.5
Stealth        | |  1.5

Action                   |  1- 3 |  4- 6 |  7- 9 || total
-------------------------+-------+-------+-------++-------
Melee: Dagger            |     4 |    25 |       ||    29
       Hand axe          |       |    59 |    91 ||   150
       Falchion          |       |       |    69 ||    69
 Cast: Pain              |    79 |    80 |    44 ||   203
       Vampiric Draining |     2 |    20 |    26 ||    48
  Use: Scroll            |     4 |     2 |     2 ||     8
Armor: Robe              |     7 |    16 |       ||    23
       Leather armour    |       |    11 |    41 ||    52
Dodge: Dodged            |    13 |    89 |   105 ||   207
       Rpst.: Falchion   |       |       |    19 ||    19
